 Dungeon Crawl Stone Soup version 0.29.0-11-gd7f09526c8 (webtiles) character file.

Game seed: 335272811777402670

46 Tiocfaidh the Chiller (level 3, -1/19 HPs)
             Began as a Gargoyle Ice Elementalist on Sept 3, 2022.
             Slain by a gnoll
             ... wielding a +0 flail
              (5 damage)
             ... on level 2 of the Dungeon.
             The game lasted 00:08:50 (1314 turns).

Tiocfaidh the Chiller (Gargoyle Ice Elementalist)   Turns: 1314, Time: 00:08:52

Health: -1/19      AC:  8    Str: 11    XL:     3   Next: 66%
Magic:  5/6        EV: 12    Int: 17    God:
Gold:   123        SH:  0    Dex: 10    Spells: 3/7 levels left

rFire   . . .      SeeInvis .   d - +0 club
rCold   . . .      Faith    .   (no shield)
rNeg    + . .      Spirit   .   a - +0 robe
rPois   ∞          Reflect  .   (no helmet)
rElec   +          Harm     .   (no cloak)
rCorr   .          Rampage  .   (no gloves)
Will    .....                   j - +2 pair of boots
Stlth   ++........              (no amulet)
HPRegen 0.06/turn               (no ring)
MPRegen 0.10/turn               (no ring)

@: no status effects
A: sickness immunity, AC +3, negative energy resistance 1, electricity
resistance, torment resistance 1, petrification resistance
a: no special abilities


You were on level 2 of the Dungeon.
You visited 1 branch of the dungeon, and saw 2 of its levels.

You collected 123 gold pieces.

Inventory:

Hand Weapons
 d - a +0 club (weapon)
Armour
 a - a +0 robe (worn)
 j - a +2 pair of boots (worn)
Scrolls
 c - 3 scrolls of identify {unknown}
 f - a scroll of fog {unknown}
 h - a scroll of blinking {unknown}
 i - a scroll of summoning {unknown}
 k - a scroll of amnesia {unknown}
Potions
 e - a potion of haste {unknown}
 g - a potion of experience {unknown}
 l - a potion of heal wounds {unknown}


   Skills:
 + Level 0.1 Fighting
 + Level 0.4 Maces & Flails
 + Level 1.7 Dodging
 + Level 2.2 Stealth
 + Level 2.6 Spellcasting
 + Level 4.7 Ice Magic


You had 3 spell levels left.
You knew the following spells:

 Your Spells              Type           Power      Damage    Failure   Level
a - Freeze                Ice            72%        1d9       2%          1
b - Frozen Ramparts       Ice            36%        1d6       8%          3

Your spell library contained the following spells:

 Spells                   Type           Power      Damage    Failure   Level
 Ozocubu's Armour         Ice            18%        N/A       8%          3
 Gell's Gravitas          Tloc           2%         N/A       50%         3
 Teleport Other           Tloc           2%         N/A       50%         3
 Hailstorm                Conj/Ice       10%        3d5       56%         4
 Dispersal                Tloc           1%         N/A       100%        6


Dungeon Overview and Level Annotations

Branches:
Dungeon (2/15)

Altars:


Innate Abilities, Weirdness & Mutations

You are immune to sickness and miasma.
Your stone body is resilient. (AC +3)
You are immune to poison.
You resist negative energy. (rN+)
You are resistant to electric shocks. (rElec)
You are resistant to unholy torment.
You are immune to petrification.


Message History

The walls around you are covered in ice.
The gnoll shouts! x2
The wall freezes the gnoll.
Aiming: Freeze (safe; 2% risk of failure)
Press: ? - help, Q - select action Shift-Dir - straight line, f - gnoll
Aim: a gnoll, wielding a +0 flail (lightly wounded)
You freeze the gnoll!
The gnoll is severely wounded.
The wall freezes the gnoll.
The gnoll barely misses you.
Aiming: Freeze (safe; 2% risk of failure)
Press: ? - help, Q - select action Shift-Dir - straight line, f/p - gnoll
Aim: a gnoll, wielding a +0 flail (almost dead)
You freeze the gnoll.
You kill the gnoll!
The wall freezes the gnoll but does no damage.
The wall freezes the gnoll. x2
Aiming: Freeze (safe; 2% risk of failure)
Press: ? - help, Q - select action Shift-Dir - straight line, f - gnoll
Aim: a gnoll, wielding a +0 flail (lightly wounded)
You freeze the gnoll!
The gnoll is severely wounded.
The wall freezes the gnoll.
The gnoll hits you from afar with a +0 halberd!
The wall freezes the gnoll but does no damage.
The gnoll misses you.
You don't have enough magic to cast this spell.
Unknown command.
You don't have enough magic to cast this spell.
Unknown command.
Magic courses through your body.
The frozen ramparts melt away.
The gnoll hits you with a +0 flail.
* * * LOW HITPOINT WARNING * * *
The gnoll completely misses you.
Aiming: Freeze (safe; 2% risk of failure)
Press: ? - help, Q - select action Shift-Dir - straight line, f/p - gnoll
Aim: a gnoll, wielding a +0 flail (severely wounded)
You freeze the gnoll.
The gnoll is almost dead.
The gnoll hits you with a +0 flail.
You die...

#.........# #.#######.#
#.# #.# ## . #.#######.#
#. ..# #.#....##.# #. ....
#.#....##.# #. .....
#.#....##.####.
......######.#....##......
.......gg@..>#....##..###.
############.#....##..# #.
#.#....##..###.
#..............
#..#####.......
###..#...........
...........######
####..#...#.######
..........#.......


You could see 2 gnolls.

Vanquished Creatures
  A gnoll (D:2)
  2 dart slugs (D:1)
  3 bats (D:1)
  6 endoplasms
  3 giant cockroaches (D:1)
  3 goblins
  A hobgoblin (D:1)
  2 jackals (D:1)
  2 ball pythons (D:1)
  2 frilled lizards
  2 kobolds (D:1)
  3 rats (D:1)
30 creatures vanquished.

Notes
Turn   | Place    | Note
-------+----------+-------------------------------------------
     0 | D:1      | Tiocfaidh the Gargoyle Ice Elementalist began the quest for
                  | the Orb.
     0 | D:1      | Reached XP level 1. HP: 10/10 MP: 3/3
   133 | D:1      | Reached XP level 2. HP: 10/15 MP: 0/5
   752 | D:1      | Reached XP level 3. HP: 18/19 MP: 4/6
   778 | D:1      | Found a faded altar of an unknown god.
  1168 | D:2      | Learned a level 3 spell: Frozen Ramparts
  1314 | D:2      | Slain by a gnoll

Illustrated notes

Levels and vault maps discovered:
D:1:      dpeg_arrival_snail, layout_loops_cross,
          hellmonk_ecumenical_altar_heavens_door, minmay_tall_x
D:2:      layout_basic, uniq_jessica

Action                   || total
-------------------------++-------
Melee: Club              ||    20
 Cast: Freeze            ||    42
       Frozen Ramparts   ||     1
  Use: Potion            ||     1
 Stab: Sleeping          ||     2
Armor: Robe              ||    19
Dodge: Dodged            ||    36
